cohdb
Replays
Latest Replays
All Replays
Popular Replays
Top Player Replays
Match Explorer
How It Works
Community
CoH3 Stats
Reddit
Sign in to upload your games and track your stats! →
Sign in with Steam
Match 41632214
Unlisted
Match 41632214
Overview
Messages
Build Orders
End
Royal Engineer Section
Construct Section Command Post
Selects Heavy Armor Battlegroup
Infantry Section
Infantry Section
Selects Rigorous Vehicle Training
Infantry Section
Infantry Section
Grenade Package
Construct Platoon Command Post
Unlock M3 Stuart Light Tanks
M3 Stuart Light Tank
Selects Forward Repair Assembly
Construct Field Infirmary
M3 Stuart Light Tank
Kitsuné
Dumais
WayTooTicklish
Nachosguy
0
0
Comments
sign in to comment!
No comments posted yet!